 Dungeon Crawl Stone Soup version 0.31-a0-360-gb3e1d13bf4 (webtiles) character file.

Game seed: 13130183390164415608

29 CraigForest the Gusty (level 3, -1/19 HPs)
             Began as a Tengu Air Elementalist on July 27, 2023.
             Slain by a hound (3 damage)
             ... on level 2 of the Dungeon.
             The game lasted 00:08:28 (948 turns).

CraigForest the Gusty (Tengu Air Elementalist)       Turns: 948, Time: 00:08:28

Health: -1/19      AC:  5    Str: 10    XL:     3   Next: 16%
Magic:  1/7        EV: 10    Int: 15    God:
Gold:   48         SH:  0    Dex: 14    Spells: 3/6 levels left

rFire   . . .        e - +0 short sword
rCold   . . .        (no shield)
rNeg    . . .        d - +0 ring mail
rPois   .            (helmet restricted)
rElec   .            (no cloak)
rCorr   .            (no gloves)
SInv    .            (boots unavailable)
Will    .....        (no amulet)
Stlth   +            (no ring)
HPRegen 0.23/turn    (no ring)
MPRegen 0.10/turn

%: no passive effects
@: very slightly contaminated
A: beak, talons 3
a: no special abilities


You were on level 2 of the Dungeon.
You visited 1 branch of the dungeon, and saw 2 of its levels.

You collected 48 gold pieces.

Inventory:

Hand Weapons
 e - a +0 short sword (weapon)
Armour
 a - a +0 robe
 d - a +0 ring mail (worn)
Scrolls
 c - a scroll of fear {unknown}
 f - a scroll of poison {unknown}
 i - a scroll of blinking {unknown}
 k - 3 scrolls of immolation {unknown}
 l - a scroll of teleportation {unknown}
Potions
 b - a potion of magic
 g - a potion of degeneration {unknown}
 h - a potion of brilliance {unknown}
 j - a potion of curing {unknown}


   Skills:
 + Level 2.4 Dodging
 + Level 2.1 Stealth
 + Level 2.3 Spellcasting
 + Level 1.5 Conjurations
 + Level 5.0 Air Magic


You had 3 spell levels left.
You knew the following spells:

 Your Spells              Type           Power      Damage    Failure   Level
a - Shock                 Conj/Air       44%        1d5       14%         1
b - Static Discharge      Conj/Air       22%        2-3/arc   22%         2

Your spell library contained the following spells:

 Spells                   Type           Power      Damage    Failure   Level
 Swiftness                Air            16%        N/A       22%         3
 Airstrike                Air            8%         2d(2-18)  56%         4


Dungeon Overview and Level Annotations

Branches:
Dungeon (2/15)

Altars:


Innate Abilities, Weirdness & Mutations

You have a beak for a mouth.
You have claws for feet.


Message History

The zap hits the hobgoblin.
You kill the hobgoblin!
The zap hits the hound but does no damage.
The zap hits the endoplasm.
The endoplasm is lightly wounded.
The zap hits the rat.
The rat is moderately wounded.
The hound bites you but does no damage.
Aiming: Shock (safe; 14% risk of failure)
Press: ? - help, Q - select action, (/) - cycle Shift-Dir - straight line The zap hits the hound.
The hound is moderately wounded.
The zap hits the endoplasm.
The endoplasm is heavily wounded.
The zap hits the rat.
You kill the rat!
The hound bites you.
Your Air Magic skill increases to level 5!
Aiming: Shock (safe; 14% risk of failure)
Press: ? - help, Q - select action, (/) - cycle Shift-Dir - straight line The zap hits the hound but does no damage.
The hound is moderately wounded.
The zap hits the endoplasm.
You kill the endoplasm!
The hound bites you but does no damage. x2
You barely miss the hound. Your kick misses the hound.
The hound is moderately wounded.
The hound bites you.
You hit the hound.
The hound is moderately wounded.
The hound bites you. x2
* * * LOW HITPOINT WARNING * * *
You barely miss the hound. Your kick misses the hound.
Your peck misses the hound.
The hound is moderately wounded.
The hound bites you.
* * * LOW HITPOINT WARNING * * *
The hound attacks as you move away! The hound barely misses you. x2
The hound attacks as you move away! The hound bites you.
You die...

####### #.....#
#.....# #.....#
#.....#
#############.....#
#....@h†..........+
#.###########....$#
#.# #.....# #<#
#?...... ###
#.J...... .rh......
......... ...$...


You could see a hound.

Vanquished Creatures
  A dart slug (D:1)
  5 endoplasms
  4 goblins (D:1)
  3 hobgoblins
  5 kobolds (D:1)
  A quokka (D:1)
  A ball python (D:1)
  A bat (D:1)
  A frilled lizard (D:1)
  A rat (D:2)
23 creatures vanquished.

Notes
Turn   | Place    | Note
-------+----------+-------------------------------------------
     0 | D:1      | CraigForest the Tengu Air Elementalist began the quest for
                  | the Orb.
     0 | D:1      | Reached XP level 1. HP: 10/10 MP: 4/4
   184 | D:1      | Reached XP level 2. HP: 14/15 MP: 0/6
   191 | D:1      | Learned a level 2 spell: Static Discharge
   533 | D:1      | Reached XP level 3. HP: 19/19 MP: 4/7
   943 | D:2      | Reached skill level 5 in Air Magic
   948 | D:2      | Slain by a hound

Illustrated notes

Levels and vault maps discovered:
D:1:      lemuel_arrival_lava_pool, layout_rooms, serial_forest,
          infiniplex_forest_lined_room_2, infiniplex_forest_split,
          infiniplex_forest_lined_3, infiniplex_forest_straight_5,
          infiniplex_forest_end_2, kennysheep_boxes
D:2:      layout_basic, basic_ecumenical_altar

Skill      XL: |  1  2  3 |
---------------+----------+-----
Air Magic      | 5 |  5.0
Dodging        | |  2.4
Stealth        | |  2.1
Spellcasting   | |  2.3
Conjurations   | |  1.5

Action                     || total
---------------------------++-------
  Melee: Short sword       ||    41
         Kick              ||    21
         Peck              ||    17
         Punch             ||     2
   Cast: Shock             ||    35
 Armour: Robe              ||     3
         Ring mail         ||     4
  Dodge: Dodged            ||    13

Table legend: (Time is in decaauts)
 A = Elapsed time spent in this place.
 B = Non-inter-level travel time spent in this place.
 C = Inter-level travel time spent in this place.
 D = Time resting spent in this place.
 E = Time spent auto-exploring this place.
 F = Levels seen in this place.
 G = Mean time per level.
                   A        B        C        D        E       F      G
               +--------+--------+--------+--------+--------+-----+--------+
         Total |    970 |    687 |    283 |      0 |    481 |   2 |  485.0 |
       Dungeon |    970 |    687 |    283 |      0 |    481 |   2 |  485.0 |
               +--------+--------+--------+--------+--------+-----+--------+

Top non-repeatable levels by time:
     D:1: 935 daAuts
     D:2: 34 daAuts
